 Dungeon Crawl Stone Soup version 0.19.5 (webtiles) character file.

601279 Haldmier the Portalist (level 26, -4/178 HPs)
             Began as a High Elf Skald on Apr 12, 2017.
             Was a Priest of Ashenzari.
             Splashed by a yellow draconian monk's acid (8 damage)
             ... on level 2 of the Realm of Zot on Apr 13, 2017.
             The game lasted 09:14:58 (83585 turns).

Haldmier the Portalist (High Elf Skald)            Turns: 83585, Time: 09:14:59

Health: -4/178     AC: 31    Str: 24    XL:     26   Next: 49%
Magic:  35/43      EV: 21    Int: 20    God:    Ashenzari [***...]
Gold:   6292       SH: 29    Dex: 17    Spells: 15 memorised, 1 level left

rFire  + + +     SeeInvis +     b - +9 demon blade (freeze) (curse)
rCold  + . .     Gourm    .     O - +8 fire dragon scales (curse)
rNeg   . . .     Faith    .     w - +0 large shield (curse)
rPois  +         Spirit   .     i - +2 helmet (curse)
rElec  .         Reflect  +     B - +2 cloak {MR+} (curse)
rCorr  .         Harm     .     I - +2 pair of gloves {Str+3} (curse)
MR     ++++.                    L - +2 pair of boots of Protective Custody {rF+} (curse)
Stlth  ..........               t - +6 amulet of reflection (curse)
                                f - ring of protection from cold
                                F - ring "Duneabodgh" {rPois rF+ rC+ MR+ Str+2} (curse)

@: corroded, studying Fighting
A: no striking features
a: Curse Item, Scrying, Renounce Religion
}: 3/15 runes: barnacled, slimy, gossamer


You were on level 2 of the Realm of Zot.
You worshipped Ashenzari.
Ashenzari was most pleased with you.
You were not hungry.

You visited 11 branches of the dungeon, and saw 51 of its levels.
You visited 1 bazaar.
You also visited: Labyrinth, Trove, Sewer, Ice Cave, Volcano and Wizlab.

You collected 7694 gold pieces.
You spent 1402 gold pieces at shops.

Inventory:

Hand Weapons
 b - a cursed +9 demon blade of freezing (weapon)
Missiles
 P - 6 throwing nets
 V - 76 javelins (quivered)
Armour
 a - quicksilver dragon scales
 i - a cursed +2 helmet (worn)
 w - a cursed +0 large shield (worn)
 B - a cursed +2 cloak of magic resistance (worn)
 I - a cursed +2 pair of gloves of strength (worn)
 L - the cursed +2 pair of boots of Protective Custody (worn) {rF+}
   (You found it in an ice cave)

   It protects you from fire.
   It has a curse placed upon it.
 O - cursed +8 fire dragon scales (worn)
Jewellery
 f - a ring of protection from cold (right hand)
 t - a cursed +6 amulet of reflection (around neck)
 F - the cursed ring "Duneabodgh" (left hand) {rPois rF+ rC+ MR+ Str+2}
   (You found it in a labyrinth)

   [ring of protection from cold]

   It affects your strength (+2).
   It protects you from fire.
   It protects you from cold.
   It protects you from poison.
   It affects your resistance to hostile enchantments.
   It has a curse placed upon it.
 N - an uncursed ring of positive energy
Wands
 y - a wand of teleportation (5/9)
 K - a wand of digging (5/24)
 T - a wand of acid (10/15)
 X - a wand of heal wounds (6/9)
Scrolls
 e - 15 scrolls of remove curse
 h - a scroll of silence
 n - 16 scrolls of magic mapping
 u - 13 scrolls of teleportation
 z - 27 scrolls of identify
 G - 9 scrolls of fear
 J - 4 scrolls of blinking
 S - 7 scrolls of fog
 W - 3 scrolls of summoning
Potions
 c - 2 potions of resistance
 g - 8 potions of might
 k - 3 potions of haste
 m - 26 potions of curing
 p - 9 potions of agility
 q - 13 potions of heal wounds
 v - 3 potions of magic
 x - a potion of cancellation
 D - a potion of brilliance
 H - 3 potions of invisibility
 Q - 7 potions of berserk rage
Books
 E - a manual of Fighting
Comestibles
 d - 23 bread rations
 j - 6 chunks of flesh
 l - a beef jerky
 r - 21 meat rations


   Skills:
 - Level 14.2 Fighting
 - Level 10.0(12.7) Long Blades
 - Level 10.7(13.3) Armour
 - Level 14.9(17.3) Dodging
 - Level 17.6(19.0) Shields
 - Level 15.3 Spellcasting
 - Level 17.2(18.7) Conjurations
 - Level 5.0(6.9) Hexes
 - Level 18.0(19.4) Charms
 - Level 3.1(4.8) Necromancy
 + Level 22.8(24.0) Translocations
 - Level 17.2(18.7) Fire Magic
 - Level 5.6(7.5) Earth Magic


You had one spell level left.
You knew the following spells:

 Your Spells              Type           Power        Failure   Level  Hunger
a - Infusion              Chrm           ####         0%          1    None
b - Shroud of Golubria    Chrm/Tloc      #######...   0%          2    None
c - Spectral Weapon       Hex/Chrm       ######..     1%          3    None
d - Regeneration          Chrm/Necr      ######....   1%          3    None
e - Stone Arrow           Conj/Erth      ######       1%          3    None
f - Force Lance           Conj/Tloc      #######.     1%          4    None
g - Confuse               Hex            #####...     3%          3    None
h - Bolt of Fire          Conj/Fire      ######....   1%          6    #####..
i - Fireball              Conj/Fire      ######....   1%          5    ###....
j - Ignite Poison         Fire/Tmut/Pois #####...     4%          3    None
k - Ring of Flames        Chrm/Fire      ######....   10%         7    ######.
l - Delayed Fireball      Conj/Fire      N/A          10%         7    ######.
m - Sublimation of Blood  Necr           ####......   4%          2    None
n - Blink                 Tloc           N/A          0%          2    None
o - Controlled Blink      Tloc           N/A          12%         8    #######


Dungeon Overview and Level Annotations

Branches:
Dungeon (15/15)            Temple (1/1) D:4            Lair (6/6) D:9
 Shoals (4/4) Lair:4       Spider (4/4) Lair:4        Slime (5/5) Lair:6
    Orc (2/2) D:9             Elf (3/3) Orc:2        Vaults (4/5) D:14
  Crypt (0/3) Vaults:2     Depths (5/5) D:15            Zot (2/5) Depths:5

Altars:
Ashenzari
Cheibriados
Dithmenos
Elyvilon
Fedhas
Gozag
Hepliaklqana
Kikubaaqudgha
Makhleb
Nemelex Xobeh
Okawaru
Qazlal
Ru
Sif Muna
Trog
Uskayaw
Vehumet
Xom
Yredelemnul
Zin
The Shining One
Beogh
Jiyva

Shops:
D:4 }   D:8 !   D:12 (   D:13 [   Orc:1 *   Orc:2 *!}(   Elf:1 =   Shoals:4 }
Vaults:1 [}:(   Vaults:2 *   Depths:4 *   Depths:5 (

Portals:
Hell: Depths:1 Depths:2 Depths:3 Depths:4 Depths:5
Abyss: Depths:1 Depths:2 Depths:3 Depths:4 Depths:5
Pandemonium: Depths:3 Depths:5
Ziggurat: Depths:3


Message History

The quicksilver dragon claws you!
* * * LOW HITPOINT WARNING * * *
You take 19 damage, and have 32/178 hp.
You now have 35/43 mp.
You slice the tentacled monstrosity!! You freeze the tentacled monstrosity.
You kill the tentacled monstrosity!
The black draconian knight misses you.
You riposte.
You hit the black draconian knight.
The black draconian knight seems to slow down.
You freeze the black draconian knight.
The black draconian knight is lightly wounded.
The red draconian knight hits your spectral weapon with a great sword of protection!!
Your spectral weapon shares its damage with you!
Your spectral weapon fades away.
* * * LOW HITPOINT WARNING * * *
You block the quicksilver dragon's attack. x2
The yellow draconian monk spits acid at you.
The splash of acid hits you!
* * * LOW HITPOINT WARNING * * *
The acid corrodes you!
You are splashed with acid!
The acid burns!
You die...

,,#.... * , , * ,
#.... , > ,*#...#
** * , *#...#,{ ,
#)..# { , , *
,#...# {{, , ,
,#.).######### *
* #....qqq....' ,
#....@.q.^..# *
#..(..D.....#
##'######...# **
* #......# .).,
,, ,
####...#,∆,.,{,,,
+ ##..#∆, , , *
##.##############
##.>...#.......#
##.........^...


You could see a yellow draconian monk, 2 draconians, a quicksilver dragon and a
black draconian zealot.

Vanquished Creatures
  the Royal Jelly (Slime:5)
  An ancient lich (WizLab)
  Mara (Shoals:4)
  A juggernaut (Depths:3)
  5 golden dragons
  Arachne (Spider:3)
  Nikola (Shoals:3)
  Jorgrun (Elf:3)
  9 tentacled monstrosities
  4 liches
  2 quicksilver dragons (Zot:1)
  2 deep elf blademasters (Elf:2)
  2 deep elf master archers (Elf:3)
  Gastronok (Lair:3)
  A titan (Depths:3)
  27 acid blobs
  6 death cobs (Zot:1)
  Polyphemus (Shoals:4)
  2 sphinxes
  An ancient champion (WizLab)
  The ghost of abbott299 the Severer, an adept MiBe of Trog (Shoals:3)
  Kirke (Lair:4)
  3 shadow dragons
  12 storm dragons
  The ghost of Trampli the Wrestler, an adept TrBe of Trog (Spider:1)
  5 tengu reavers
  Donald (Elf:1)
  A draconian monk (Zot:1)
  Ilsuiw (Shoals:3)
  12 azure jellies
  9 fire giants
  5 iron dragons (Depths:4)
  6 nagarajas (Depths:5)
  8 deep elf sorcerers (Elf:3)
  9 vault wardens
  A draconian scorcher (Zot:1)
  2 draconian shifters (Zot:1)
  6 frost giants
  7 emperor scorpions
  An orc warlord (Orc:1)
  Louise (Shoals:3)
  3 draconian knights
  3 ghost moths
  A draconian zealot (Depths:5)
  5 draconian annihilators
  8 very ugly things
  4 spriggan defenders
  5 deep elf elementalists
  8 ironheart preservers
  A draconian caller (Zot:1)
  22 stone giants
  5 entropy weavers
  3 vampire knights
  Azrael (D:15)
  6 deep elf demonologists
  5 green draconians
  6 black draconians
  5 red draconians
  11 mottled draconians
  The ghost of snowfan the Eclecticist, a journeyman DECj of Vehumet (Elf:1)
  4 white draconians (Zot:1)
  6 deep elf annihilators
  A spark wasp (shapeshifter) (D:13)
  4 spark wasps
  6 purple draconians
  3 yellow draconians
  10 ettins
  8 deep elf death magi
  13 fire dragons
  6 merfolk javelineers
  2 blizzard demons (IceCv)
  9 death oozes
  17 great orbs of eyes
  A minotaur (Lab)
  13 merfolk impalers
  6 jiangshi
  4 deep elf high priests
  8 yaktaur captains
  A monstrous demonspawn (Depths:5)
  15 ice dragons
  6 rakshasas
  9 hydras
  6 spriggan air magi
  15 centaur warriors
  A catoblepas (shapeshifter) (Depths:5)
  4 vault guards
  A catoblepas (Shoals:4)
  5 merfolk avatars
  4 anacondas (Depths:5)
  23 dancing weapons
  A satyr (Shoals:4)
  17 ogre magi
  5 death yaks
  2 alligator snapping turtles
  8 deep troll shamans
  A merfolk aquamancer (Shoals:4)
  3 death knights
  9 deep troll earth magi
  7 vampire magi
  Urug (Lair:4)
  9 spriggan berserkers
  5 tengu warriors
  A sun demon (Volcano)
  A soul eater (Depths:3)
  An orc high priest (Orc:2)
  Nergalle (D:11)
  A shock serpent (shapeshifter) (D:13)
  29 deep elf knights
  12 skeletal warriors
  A fire crab (shapeshifter) (Vaults:4)
  3 iron trolls
  10 hell knights
  17 deep trolls
  13 sea snakes
  3 flayed ghosts
  10 unseen horrors
  3 glowing orange brains
  2 lindwurms (Depths:5)
  21 deep elf archers
  12 ironbrand convokers
  12 wizards
  9 hill giants
  6 necromancers
  14 harpies
  12 orc knights
  A phantasmal warrior (Vaults:1)
  14 orb spiders
  43 wolf spiders
  18 manticores
  5 orc sorcerers
  69 deep elf magi
  44 ugly things
  3 shining eyes
  9 cyclopes
  10 moths of wrath
  10 fauns
  9 sirens
  A human zombie (Vaults:4)
  Joseph (D:10)
  7 black mambas
  3 guardian serpents (Depths:5)
  Maurice (D:10)
  6 elephants (Lair:5)
  12 vault sentinels
  2 naga magi (Depths:5)
  A smoke demon (Depths:3)
  2 orange demons (Depths:3)
  5 rust devils
  An ice statue (IceCv)
  4 gargoyles
  A water nymph (Shoals:2)
  An eye of devastation (Slime:3)
  A hellion (Depths:5)
  9 spiny frogs
  5 spectral swamp worms (Depths:1)
  2 komodo dragons (shapeshifter)
  14 demonic crawlers
  A rime drake (shapeshifter) (Depths:5)
  31 yaktaurs
  2 kobold demonologists
  6 ice devils (IceCv)
  10 freezing wraiths
  A tormentor (Depths:3)
  The ghost of devil0150 the Magician, a novice HEWz (D:5)
  10 komodo dragons
  4 anaconda simulacra (IceCv)
  A queen bee (shapeshifter) (D:14)
  4 polar bears
  3 two-headed ogres (shapeshifter)
  12 trolls
  3 red devils
  A wolf spider simulacrum (D:14)
  26 merfolk
  17 hornets
  39 jumping spiders
  2 hornets (shapeshifter)
  12 snapping turtles
  3 wind drakes
  12 blink frogs
  31 two-headed ogres
  Prince Ribbit (D:7)
  190 slime creatures
  15 hippogriffs
  A snapping turtle (shapeshifter) (Depths:1)
  A human simulacrum (Vaults:2)
  5 shadows
  Sigmund (D:3)
  5 air elementals
  A redback (shapeshifter) (Vaults:2)
  A flying skull (Vaults:2)
  33 tarantellas
  A spriggan (shapeshifter) (Elf:1)
  93 redbacks
  9 water elementals
  11 fire elementals
  3 wraiths
  20 spriggans
  4 vampires (WizLab)
  4 hill giant zombies (WizLab)
  A hog (Lair:4)
  4 fire bats (Volcano)
  86 yaks
  Grum (D:11)
  16 humans (D:14)
  9 golden eyes
  5 basilisks
  A hungry ghost (D:12)
  2 vampire mosquitoes (D:14)
  2 neqoxecs
  A yaktaur simulacrum (Vaults:3)
  2 mottled dragons
  9 swamp worms (Spider:3)
  5 harpy simulacra (IceCv)
  A warg (shapeshifter) (Vaults:1)
  3 iron troll simulacra (IceCv)
  10 nagas (Depths:5)
  6 wargs
  20 water moccasins
  A deep troll zombie (Vaults:4)
  4 hydra simulacra (IceCv)
  2 floating eyes
  8 porcupines
  4 hell hounds
  A floating eye (shapeshifter) (Depths:1)
  39 orc warriors
  3 sky beasts
  An alligator simulacrum (IceCv)
  3 black bears
  12 eyes of draining
  3 ettin simulacra (IceCv)
  7 ice beasts
  45 wolves
  18 boggarts
  An eye of draining (shapeshifter) (Depths:2)
  29 centaurs
  A human skeleton (Vaults:4)
  65 ogres
  15 crocodiles
  4 big kobolds
  16 bullfrogs
  A gnoll sergeant (D:9)
  A wyvern zombie (D:15)
  4 earth elementals
  A water moccasin zombie (D:10)
  4 scorpions
  A hornet simulacrum (D:9)
  12 killer bees
  A scorpion (shapeshifter) (Depths:3)
  6 troll zombies (WizLab)
  A water moccasin skeleton (D:9)
  An elephant simulacrum (IceCv)
  20 wights
  3 howler monkeys
  A howler monkey (shapeshifter) (D:14)
  8 electric eels
  4 lava snakes (Volcano)
  8 crimson imps
  4 quasits
  5 bullfrog zombies
  8 hounds
  A wyvern simulacrum (D:13)
  3 centaur zombies
  2 draconian simulacra (IceCv)
  Crazy Yiuf (D:4)
  4 centaur skeletons
  6 jellies
  20 orc priests
  20 orc wizards
  A water moccasin simulacrum (D:9)
  2 bullfrog skeletons
  7 iguanas
  6 worker ants
  3 troll simulacra (IceCv)
  A polar bear simulacrum (IceCv)
  5 ogre zombies (WizLab)
  5 centaur simulacra (IceCv)
  3 hound zombies
  2 hound skeletons
  2 worker ant zombies
  8 gnolls
  7 river rats (Sewer)
  22 adders
  4 naga simulacra (IceCv)
  5 ogre simulacra (IceCv)
  6 shadow imps
  11 white imps
  9 ufetubi
  6 oozes
  14 worms
  6 dart slugs
  10 leopard geckos
  110 orcs
  11 bats
  7 giant cockroaches
  8 goblins
  13 hobgoblins
  7 jackals
  6 quokkas
  15 ball pythons
  8 frilled lizards
  33 kobolds
  29 rats
  2 plants
  A spectral weapon (Vaults:2)
2696 creatures vanquished.

Vanquished Creatures (others)
  2 stone giants
  Nessos (Lair:4)
  A white draconian (Zot:1)
  A merfolk javelineer (Shoals:4)
  3 yaktaur captains
  2 centaur warriors
  A deep troll earth mage (Vaults:4)
  A deep elf archer (Elf:2)
  A deep elf mage (Elf:3)
  A faun (Shoals:2)
  A naga mage (Depths:5)
  A rust devil (Depths:4)
  11 yaktaurs
  An orc warrior (Vaults:4)
  3 centaurs
  2 boggarts
  A bullfrog (Lair:4)
  A crimson imp (D:15)
  A kobold (D:11)
  A bush (Lair:2)
  6 fungi
  22 plants
  213 spectral weapons
278 creatures vanquished.

Grand Total: 2974 creatures vanquished

Notes
Turn   | Place    | Note
-------+----------+-------------------------------------------
     0 | D:1      | Haldmier the High Elf Skald began the quest for the Orb.
     0 | D:1      | Reached XP level 1. HP: 14/14 MP: 4/4
   277 | D:1      | Reached XP level 2. HP: 17/19 MP: 3/6
   434 | D:1      | Learned a level 2 spell: Shroud of Golubria
   701 | D:1      | Reached skill level 1 in Translocations
   989 | D:1      | Reached XP level 3. HP: 21/24 MP: 7/7
  1027 | D:1      | Learned a level 3 spell: Spectral Weapon
  1598 | D:2      | Reached XP level 4. HP: 21/29 MP: 2/8
  1711 | D:2      | Reached skill level 1 in Hexes
  1712 | D:2      | Found a snail-covered altar of Cheibriados.
  1712 | D:2      | Found a basalt altar of Yredelemnul.
  1894 | D:2      | Reached skill level 2 in Translocations
  2152 | D:2      | Found a glowing golden altar of the Shining One.
  2152 | D:2      | Found a sacrificial altar of Ru.
  2283 | D:3      | Found a glowing drain.
  2319 | Sewer    | Entered a sewer
  2367 | Sewer    | Noticed a big kobold
  2379 | Sewer    | Killed a big kobold
  2379 | Sewer    | Reached skill level 5 in Long Blades
  2379 | Sewer    | Reached XP level 5. HP: 25/34 MP: 3/9
  2506 | Sewer    | Reached skill level 3 in Translocations
  2986 | Sewer    | Reached XP level 6. HP: 39/39 MP: 1/10
  3370 | D:3      | Learned a level 3 spell: Regeneration
  3602 | D:3      | Reached skill level 1 in Necromancy
  3912 | D:3      | Found a hide-covered altar of Uskayaw.
  3921 | D:3      | Noticed Sigmund
  4256 | D:3      | Reached XP level 7. HP: 43/45 MP: 11/11
  5001 | D:4      | Found a staircase to the Ecumenical Temple.
  5016 | Temple   | Entered the Ecumenical Temple
  5129 | Temple   | Became a worshipper of Ashenzari the Shackled
  5417 | D:4      | Found Utzeik Hamu's Gadget Boutique.
  5778 | D:4      | Found a runed door.
  5785 | D:4      | Noticed Crazy Yiuf
  5792 | D:4      | Killed Crazy Yiuf
  5862 | D:5      | Entered Level 5 of the Dungeon
  6170 | D:5      | Noticed devil0150's ghost (novice HEWz)
  6207 | D:5      | Killed devil0150's ghost
  6207 | D:5      | Reached XP level 8. HP: 27/50 MP: 5/14
  6352 | D:5      | Found a glowing silver altar of Zin.
  6507 | D:5      | Reached * piety under Ashenzari
  6997 | D:4      | Found a deep blue altar of Sif Muna.
  7430 | D:6      | Reached skill level 5 in Charms
  7716 | D:6      | Noticed a hippogriff
  7730 | D:6      | Killed a hippogriff
  8174 | D:6      | Reached skill level 5 in Hexes
  9015 | D:3      | Killed Sigmund
  9320 | D:7      | Noticed a hippogriff
  9339 | D:7      | Killed a hippogriff
  9339 | D:7      | Reached XP level 9. HP: 52/56 MP: 12/16
  9873 | D:7      | Noticed Prince Ribbit
  9889 | D:7      | Killed Prince Ribbit
 10540 | D:8      | Reached ** piety under Ashenzari
 10732 | D:8      | Found a bloodstained altar of Trog.
 11049 | D:9      | Reached skill level 5 in Fighting
 11052 | D:9      | Reached skill level 5 in Dodging
 11096 | D:9      | Reached skill level 10 in Long Blades
 11096 | D:9      | Reached XP level 10. HP: 66/66 MP: 10/17
 11421 | D:9      | Noticed a hill giant
 11906 | D:8      | Found Hevymix's Distillery.
 11963 | D:8      | Bought a potion of agility for 64 gold pieces
 12114 | D:9      | Killed a hill giant
 12867 | D:9      | Found a roughly hewn altar of Beogh.
 12977 | D:9      | Found a staircase to the Orcish Mines.
 13044 | D:9      | Found a staircase to the Lair.
 13050 | D:9      | Learned a level 3 spell: Stone Arrow
 13055 | D:9      | Found a deep blue altar of Sif Muna.
 13406 | D:9      | Reached skill level 1 in Conjurations
 13501 | Orc:1    | Entered Level 1 of the Orcish Mines
 13528 | D:9      | Reached XP level 11. HP: 44/77 MP: 9/18
 13530 | D:9      | Reached skill level 1 in Earth Magic
 13616 | Orc:1    | Noticed an orc warlord
 13678 | D:10     | Entered Level 10 of the Dungeon
 13737 | D:10     | Noticed Joseph
 13777 | Lair:1   | Entered Level 1 of the Lair of Beasts
 14089 | Lair:1   | Noticed a five-headed hydra
 14091 | Lair:1   | Noticed a five-headed hydra
 14582 | D:9      | Killed a five-headed hydra
 14582 | D:9      | Reached skill level 5 in Conjurations
 14758 | D:10     | Killed Joseph
 15483 | D:11     | Noticed Nergalle
 15502 | D:10     | Killed an unseen horror
 15575 | D:11     | Noticed a sixfirhy
 15977 | D:11     | Noticed Maurice
 15984 | D:11     | Noticed a hill giant
 16033 | D:10     | Killed Maurice
 16091 | D:11     | Killed a hill giant
 16105 | D:11     | Killed Nergalle
 16105 | D:11     | Reached XP level 12. HP: 78/82 MP: 6/19
 16157 | D:11     | Noticed Grum
 16172 | D:11     | Killed Grum
 16254 | D:11     | Reached skill level 10 in Conjurations
 16888 | D:12     | Found Zeiry's Antique Weapon Shop.
 16934 | D:12     | Reached skill level 5 in Earth Magic
 17787 | Lair:1   | Killed a one-headed hydra
 18269 | Lair:1   | Reached skill level 10 in Dodging
 18449 | Lair:2   | Reached *** piety under Ashenzari
 18714 | Lair:2   | Reached skill level 10 in Fighting
 18969 | Lair:2   | Noticed an eight-headed hydra
 18980 | Lair:2   | Killed a one-headed hydra
 19084 | Lair:2   | Reached XP level 13. HP: 88/93 MP: 14/20
 19412 | Lair:3   | Found a labyrinth entrance.
 19450 | Lab      | Entered a labyrinth
 20156 | Lab      | Noticed a minotaur
 20757 | Lab      | Killed a minotaur
 20767 | Lab      | Identified the ring "Duneabodgh" {rPois rF+ rC+ MR+ Str+2}
 20772 | Lab      | Got the longbow of Vecloral {freeze, *Drain MP+9 Int+3 Dex+5}
 20910 | Lair:3   | Noticed Gastronok
 21720 | Lair:1   | Learned a level 4 spell: Force Lance
 22023 | Lair:3   | Killed Gastronok
 22050 | Lair:4   | Noticed Urug
 22061 | Lair:4   | Killed Urug
 22193 | Lair:4   | Found a staircase to the Shoals.
 22304 | Lair:4   | Noticed Nessos
 22315 | Lair:4   | Killed Nessos
 22315 | Lair:4   | Reached skill level 5 in Spellcasting
 22359 | Lair:4   | Reached skill level 4 in Translocations
 22406 | Lair:4   | Found a hole to the Spider Nest.
 22509 | Lair:4   | Noticed Kirke
 22521 | Lair:4   | Killed Kirke
 22809 | Lair:4   | Reached skill level 5 in Translocations
 23091 | Lair:5   | Learned a level 3 spell: Confuse
 23113 | Lair:5   | Found a dark tunnel.
 23123 | Volcano  | Entered a volcano
 23175 | Volcano  | Reached **** piety under Ashenzari
 23281 | Volcano  | Reached skill level 6 in Translocations
 23282 | Volcano  | Found a burning altar of Makhleb.
 23373 | Volcano  | Found a bloodstained altar of Trog.
 23545 | Lair:5   | Learned a level 6 spell: Bolt of Fire
 23625 | Lair:5   | Reached skill level 1 in Fire Magic
 23765 | Lair:5   | Reached skill level 10 in Spellcasting
 23765 | Lair:5   | Reached XP level 14. HP: 103/103 MP: 26/29
 23780 | Lair:5   | Reached XP level 15. HP: 108/108 MP: 22/30
 23783 | Lair:5   | Reached skill level 5 in Fire Magic
 24689 | Lair:1   | Learned a level 5 spell: Fireball
 24693 | Lair:1   | Learned a level 3 spell: Ignite Poison
 24882 | Lair:6   | Entered Level 6 of the Lair of Beasts
 24983 | Lair:6   | Found a staircase to the Slime Pits.
 25594 | Lair:6   | Got the halberd "Seoj Raz" {venom, Str+2 Dex+5}
 25766 | Lair:6   | Reached skill level 1 in Shields
 25935 | Lair:6   | Found a deep blue altar of Sif Muna.
 25936 | Lair:6   | Reached ***** piety under Ashenzari
 26521 | Lair:1   | Learned a level 7 spell: Ring of Flames
 26522 | Lair:1   | Identified the +10 halberd "Seoj Raz" {venom, Str+2 Dex+5} (You found it on level 6 of the Lair of Beasts)
 26608 | Orc:1    | HP: 5/108 [orc warrior/mace[an orc warlord] (11)]
 26710 | Orc:1    | Killed an orc warlord
 26966 | Orc:2    | Entered Level 2 of the Orcish Mines
 27093 | Orc:2    | Found a staircase to the Elven Halls.
 27118 | Orc:1    | Found Jutogg's General Store.
 27837 | Orc:2    | Found Bynicym's Antique Weapon Boutique.
 27837 | Orc:2    | Found Gelyura's Gadget Shoppe.
 27838 | Orc:2    | Found Hacyjinn's Distillery.
 27838 | Orc:2    | Found Jial's Assorted Antiques.
 27860 | Orc:2    | Bought a dazzling falchion for 304 gold pieces
 27860 | Orc:2    | Identified the +5 falchion of the Ancient Dances {freeze, rF- rC+ Stlth+} (You bought it in a shop on level 2 of the Orcish Mines)
 28696 | D:13     | Identified a scroll of acquirement
 29018 | D:13     | Reached skill level 15 in Spellcasting
 29018 | D:13     | Reached XP level 16. HP: 42/114 MP: 30/36
 29227 | D:13     | Reached skill level 10 in Charms
 29591 | D:13     | Found Uromp's Armour Shoppe.
 29594 | D:13     | Identified the +6 longbow of Vecloral {freeze, *Drain MP+9 Int+3 Dex+5} (You found it in a labyrinth)
 30118 | D:14     | Reached skill level 1 in Armour
 30241 | D:14     | Reached skill level 10 in Fire Magic
 30940 | D:14     | Found a gate to the Vaults.
 31498 | Lair:1   | Got the cursed plate armour of the Enchanted Forest {rPois Dex+4 Stlth-}
 31535 | Lair:1   | Identified the cursed +8 plate armour of the Enchanted Forest {rPois Dex+4 Stlth-} (You acquired it on level 1 of the Lair of Beasts)
 31550 | Lair:1   | Identified the +6 longbow of Vecloral {freeze, *Drain MP+9 Int+3 Dex+5} (You found it in a labyrinth)
 32175 | D:15     | Entered Level 15 of the Dungeon
 32206 | D:15     | Reached skill level 5 in Armour
 32254 | D:15     | Noticed Azrael
 32333 | D:15     | Killed Azrael
 33257 | D:15     | Reached XP level 17. HP: 106/119 MP: 33/37
 33261 | D:15     | Found a staircase to the Depths.
 33473 | Lair:1   | Learned a level 7 spell: Delayed Fireball
 33476 | Lair:1   | Learned a level 2 spell: Sublimation of Blood
 33567 | Spider:1 | Entered Level 1 of the Spider Nest
 33923 | Spider:1 | Noticed Trampli's ghost (adept TrBe)
 33943 | Spider:1 | Killed Trampli's ghost
 34983 | Spider:2 | Reached ****** piety under Ashenzari
 35585 | Spider:2 | Identified the ring "Pecvam" {Str+2 Int+4}
 36554 | Spider:3 | Noticed Arachne
 36597 | Spider:3 | Killed Arachne
 37767 | Spider:4 | Entered Level 4 of the Spider Nest
 37767 | Spider:4 | Identified the +2 scythe of the Puffin {slice, rPois rC+ Dex-2}
 38088 | Spider:4 | Reached XP level 18. HP: 73/126 MP: 0/38
 39776 | Spider:4 | Reached skill level 10 in Armour
 40156 | Spider:4 | Got a gossamer rune of Zot
 40531 | Shoals:1 | Entered Level 1 of the Shoals
 40569 | Shoals:1 | Found a frozen archway.
 40584 | IceCv    | Entered an ice cave
 41345 | IceCv    | Reached skill level 15 in Charms
 41613 | IceCv    | Identified the +6 falchion of Disarray {holy, rElec rPois rN++ Int-3}
 41618 | IceCv    | Identified the ring "Sefok" {Ice rElec MR- Str+2 Int+2}
 41618 | IceCv    | Identified the +2 pair of boots of Protective Custody {rF+}
 41862 | Shoals:1 | Identified the +1 ring mail of Articulation {-Cast rPois Str+6 Stlth+}
 42762 | Shoals:1 | Identified the +6 longbow of Vecloral {freeze, *Drain MP+9 Int+3 Dex+5} (You found it in a labyrinth)
 43677 | Shoals:3 | Noticed Louise
 43682 | Shoals:3 | Killed Louise
 43785 | Shoals:3 | Noticed Ilsuiw
 43819 | Shoals:3 | Killed Ilsuiw
 43829 | Shoals:4 | Entered Level 4 of the Shoals
 44336 | Shoals:3 | Noticed abbott299's ghost (adept MiBe)
 44401 | Shoals:3 | Noticed Nikola
 44829 | Shoals:4 | Reached XP level 19. HP: 73/131 MP: 15/39
 45274 | Shoals:4 | Found Mubbetol's Gadget Emporium.
 45293 | Shoals:4 | Noticed Mara
 45362 | Shoals:3 | Killed Nikola
 45736 | Shoals:4 | Noticed Haldmier's illusion
 46020 | Lair:1   | Identified the +6 longbow of Vecloral {freeze, *Drain MP+9 Int+3 Dex+5} (You found it in a labyrinth)
 46058 | Lair:1   | Identified the +6 longbow of Vecloral {freeze, *Drain MP+9 Int+3 Dex+5} (You found it in a labyrinth)
 46459 | Shoals:3 | Killed abbott299's ghost
 46736 | Shoals:4 | Noticed Polyphemus
 46766 | Shoals:4 | Killed Polyphemus
 47618 | Shoals:4 | Noticed Haldmier's illusion
 47714 | Shoals:4 | Noticed Haldmier's illusion
 47906 | Shoals:4 | Got a barnacled rune of Zot
 47931 | Shoals:4 | Reached skill level 15 in Fire Magic
 47989 | Shoals:4 | Noticed Haldmier's illusion
 48143 | Shoals:4 | Noticed Haldmier's illusion
 48218 | Shoals:4 | Noticed Haldmier's illusion
 48226 | Shoals:4 | Killed Mara
 48762 | Elf:1    | Entered Level 1 of the Elven Halls
 48770 | Elf:1    | Noticed snowfan's ghost (journeyman DECj)
 48789 | Elf:1    | Killed snowfan's ghost
 49178 | Elf:1    | Identified the Tome of Attacks
 49434 | Elf:1    | Noticed Donald
 49458 | Elf:1    | Killed Donald
 49458 | Elf:1    | Reached skill level 15 in Conjurations
 49854 | Elf:1    | Identified the +8 falchion "Hulk" {protect, rPois rF+ rN+ Stlth+}
 50098 | Elf:1    | Found Yshatops's Jewellery Shop.
 50377 | Elf:1    | Identified the +6 longbow of Vecloral {freeze, *Drain MP+9 Int+3 Dex+5} (You found it in a labyrinth)
 50872 | Elf:2    | Reached XP level 20. HP: 137/137 MP: 34/40
 50910 | Elf:2    | Found a runed gate.
 50910 | Elf:2    | Found a runed gate.
 50910 | Elf:2    | Found a runed gate.
 52250 | Elf:3    | Entered Level 3 of the Elven Halls
 52593 | Elf:3    | Gained mutation: You expend magic power (3 MP) to strengthen your wands. [a neqoxec]
 53663 | Elf:3    | Noticed Jorgrun
 53677 | Elf:3    | Killed Jorgrun
 54198 | Elf:3    | Identified the ring "Puoh" {*Contam rN+ EV+2 Str+5} (You took it off a deep elf master archer on level 3 of the Elven Halls)
 54492 | Elf:3    | Identified the +5 ring mail of Zuireob {Int+4}
 54887 | Elf:3    | Identified the Compendium of the Excruciating Rocks
 54893 | Elf:3    | Identified the Catalogue of Earth
 55221 | Elf:3    | Reached XP level 21. HP: 138/143 MP: 35/41
 55644 | Vaults:1 | Entered Level 1 of the Vaults
 55683 | Vaults:1 | Reached skill level 5 in Shields
 55866 | Vaults:1 | Found Uturatak's Armour Boutique.
 56293 | Vaults:1 | Found Pyalemomi's Gadget Emporium.
 57438 | Vaults:1 | Found Osaistreacw's Book Shop.
 57549 | Vaults:1 | Found Qois's Antique Weapon Boutique.
 58305 | Vaults:2 | Found Ukewaq's Assorted Antiques.
 58831 | Vaults:2 | Found a staircase to the Crypt.
 58985 | Vaults:2 | Reached skill level 10 in Shields
 59974 | Vaults:3 | Identified the cursed -5 cloak of Bedevilment {rElec MR+}
 60873 | Vaults:3 | Found an opulent altar of Gozag.
 61677 | Vaults:4 | Reached XP level 22. HP: 149/149 MP: 36/42
 64052 | Lair:1   | Identified the cursed +5 scale mail "Lympirue" {*Corrode rElec Int+5 Dex+2} (You acquired it on level 1 of the Lair of Beasts)
 64129 | Lair:1   | Identified the +6 longbow of Vecloral {freeze, *Drain MP+9 Int+3 Dex+5} (You found it in a labyrinth)
 64393 | Orc:2    | Bought a scroll of enchant weapon for 255 gold pieces
 64393 | Orc:2    | Bought a copper wand for 136 gold pieces
 64641 | Depths:1 | Entered Level 1 of the Depths
 64650 | Depths:1 | Found a gateway to Hell.
 65124 | Depths:1 | Found a stormy altar of Qazlal.
 65293 | Depths:1 | Found a one-way gate to the infinite horrors of the Abyss.
 65761 | Depths:2 | Paralysed by a floating eye for 4 turns
 65767 | Depths:2 | Paralysed by a floating eye for 4 turns
 66052 | Depths:2 | Reached skill level 7 in Translocations
 66109 | Depths:2 | Reached XP level 23. HP: 110/158 MP: 30/43
 66646 | Depths:2 | Reached skill level 15 in Shields
 66745 | Depths:2 | Reached skill level 8 in Translocations
 67315 | Depths:3 | Found a shimmering altar of Xom.
 67327 | Depths:3 | Noticed a juggernaut
 67403 | Depths:3 | Reached skill level 9 in Translocations
 67452 | Depths:3 | Found a flickering gateway to a bazaar.
 67458 | Bazaar   | Entered a bazaar
 67477 | Bazaar   | Found Yxitieq's Armour Shoppe.
 67520 | Bazaar   | Found Jurich's Jewellery Emporium.
 67520 | Bazaar   | Found Fudd's Magic Scroll Shoppe.
 67524 | Bazaar   | Bought 3 scrolls of remove curse for 90 gold pieces
 67612 | Bazaar   | Bought the +1 pair of gloves of Negation {+Blink} for 235 gold pieces
 67660 | Bazaar   | Bought an uncursed ring of wizardry for 270 gold pieces
 67983 | Depths:3 | Found a glowing golden altar of the Shining One.
 68051 | Depths:3 | Killed a juggernaut
 68243 | Depths:3 | Reached skill level 10 in Translocations
 68276 | Depths:3 | Learned a level 2 spell: Blink
 68405 | Depths:3 | Found a one-way gate leading to the halls of Pandemonium.
 68742 | Depths:3 | Found a gateway to a ziggurat.
 69585 | Depths:4 | Found Laolam's General Store.
 69598 | Depths:4 | Bought a potion of might for 48 gold pieces
 69829 | Depths:4 | Reached XP level 24. HP: 160/164 MP: 40/43
 70929 | Depths:5 | Entered Level 5 of the Depths
 71021 | Depths:5 | Found a magical portal.
 71047 | WizLab   | Entered Zonguldrok's Shrine
 71370 | WizLab   | Noticed an antique lich
 71382 | WizLab   | Killed an antique lich
 71852 | Depths:4 | HP: 5/166 [frost giant/bolt of cold (53)]
 72168 | Depths:5 | Found a gate to the Realm of Zot.
 72183 | Depths:5 | Reached skill level 11 in Translocations
 73239 | Depths:5 | Reached skill level 12 in Translocations
 73445 | Depths:5 | Found Diwny's Antique Weapon Boutique.
 73557 | Depths:5 | Found a portal to a secret trove of treasure.
 73577 | Trove    | Entered a treasure trove
 73592 | Trove    | Identified the Grimoire of Dusty Dislocation
 73595 | Trove    | Identified Sif Muna's Catalogue of Confrontation
 73599 | Trove    | Identified Sif Muna's Tome of Attacks
 73630 | Trove    | Identified the Guide on Bewitchment
 73649 | Trove    | Identified Baudymnyo's Incunabulum of Supportive Confrontation
 73652 | Trove    | Identified the Grimoire of the Oath
 73755 | Depths:5 | Reached skill level 13 in Translocations
 74344 | Depths:5 | Reached skill level 14 in Translocations
 75188 | Slime:1  | Entered Level 1 of the Pits of Slime
 75674 | Slime:1  | Reached skill level 15 in Translocations
 76622 | Slime:3  | Reached XP level 25. HP: 149/171 MP: 43/43
 76956 | Slime:4  | Reached skill level 16 in Translocations
 77856 | Slime:5  | Entered Level 5 of the Pits of Slime
 77997 | Slime:5  | Reached skill level 17 in Translocations
 78110 | Slime:5  | Noticed the Royal Jelly
 78737 | Slime:4  | Gained mutation: Scrolls take you a little longer to read. [a shining eye]
 78738 | Slime:4  | Gained mutation: Scrolls take you longer to read. [a shining eye]
 78755 | Slime:5  | Reached skill level 18 in Translocations
 79039 | Slime:4  | Gained mutation: Armour fits poorly on your strangely shaped body. [a shining eye]
 79042 | Slime:4  | Gained mutation: You tend to lose your temper in combat. [a shining eye]
 79568 | Slime:5  | Found a viscous altar of Jiyva.
 80188 | Slime:5  | Killed the Royal Jelly
 80188 | Slime:5  | Reached skill level 19 in Translocations
 80189 | Slime:5  | Identified the +0 buckler of the Merchant {Str+3}
 80189 | Slime:5  | Identified the +3 robe "Nugoav" {rElec rF+ rN+}
 80334 | Slime:5  | Identified the ring "Pytet" {rF+ MR+ Int+3}
 80353 | Slime:5  | Got a slimy rune of Zot
 80367 | Slime:5  | Identified the Reference Book on Creative Dark Rites
 80376 | Slime:5  | Identified the Grimoire of Stones and the Glacier
 80747 | Lair:1   | Lost mutation: You tend to lose your temper in combat. [potion of cure mutation]
 80747 | Lair:1   | Lost mutation: You expend magic power (3 MP) to strengthen your wands. [potion of cure mutation]
 80748 | Lair:1   | Lost mutation: Scrolls take you longer to read. [potion of cure mutation]
 80748 | Lair:1   | Lost mutation: Armour fits poorly on your strangely shaped body. [potion of cure mutation]
 80748 | Lair:1   | Lost mutation: Scrolls take you a little longer to read. [potion of cure mutation]
 80779 | Lair:1   | Learned a level 8 spell: Controlled Blink
 81134 | Zot:1    | Entered Level 1 of the Realm of Zot
 81438 | Zot:1    | Reached skill level 20 in Translocations
 82037 | Zot:2    | Reached XP level 26. HP: 143/178 MP: 41/43
 82166 | Zot:1    | Reached skill level 21 in Translocations
 82786 | Zot:1    | Reached skill level 22 in Translocations
 83555 | Zot:2    | Identified the cursed +1 short sword of Compulsion {freeze, rElec}
 83585 | Zot:2    | HP: 4/178 [yellow draconian monk/splash of acid (13)]
 83585 | Zot:2    | Splashed by a yellow draconian monk's acid

Skill      XL: |  1  2  3  4  5  6  7  8  9 10 11 12 13 14 15 16 17 18 19 20 21 22 23 24 25 26 |
---------------+-------------------------------------------------------------------------------+-----
Long Blades    | 3 4 5 6 7 8 10 | 10.0
Translocations | 1 2 3 6 7 10 15 20 22 | 22.8
Hexes          | 1 2 3 4 5 |  5.0
Necromancy     | 1 2 3 |  3.1
Charms         | 4 6 8 9 12 14 15 17 18 | 18.0
Spellcasting   | 3 4 10 15 | 15.3
Dodging        | 2 5 8 10 12 14 | 14.9
Fighting       | 3 5 8 10 12 13 14 | 14.2
Conjurations   | 2 9 10 11 13 15 17 | 17.2
Earth Magic    | 4 5 |  5.6
Fire Magic     | 4 9 11 12 14 15 17 | 17.2
Shields        | 3 4 12 14 17 | 17.6
Armour         | 6 9 10 | 10.7

Action                   |  1- 3 |  4- 6 |  7- 9 | 10-12 | 13-15 | 16-18 | 19-21 | 22-24 | 25-27 || total
-------------------------+-------+-------+-------+-------+-------+-------+-------+-------+-------++-------
Melee: Falchion          |   108 |   274 |    30 |    37 |   203 |  3121 |  3063 |   512 |       ||  7348
       Dagger            |       |       |   257 |  1102 |   244 |       |       |       |       ||  1603
       Long sword        |       |       |    66 |       |       |       |       |       |       ||    66
       Hand axe          |       |       |       |    14 |    19 |       |       |       |       ||    33
       Scimitar          |       |       |       |       |   841 |       |       |       |       ||   841
       Demon blade       |       |       |       |       |       |       |       |  1823 |  1032 ||  2855
 Cast: Infusion          |    10 |    13 |     5 |       |       |       |       |       |       ||    28
       Shroud of Golubri |     2 |    22 |    36 |    96 |    76 |   113 |   125 |    65 |    29 ||   564
       Spectral Weapon   |       |    14 |    33 |    90 |   105 |   149 |   207 |   156 |    78 ||   832
       Regeneration      |       |       |    12 |    61 |    54 |   146 |   231 |   146 |   109 ||   759
       Stone Arrow       |       |       |       |     9 |     5 |       |       |       |       ||    14
       Bolt of Fire      |       |       |       |       |     2 |    61 |    49 |    45 |    15 ||   172
       Sublimation of Bl |       |       |       |       |       |     8 |       |       |       ||     8
       Fireball          |       |       |       |       |       |     3 |    11 |     9 |     2 ||    25
       Ring of Flames    |       |       |       |       |       |       |     4 |     5 |       ||     9
       Force Lance       |       |       |       |       |       |       |     5 |       |       ||     5
       Delayed Fireball  |       |       |       |       |       |       |     1 |       |       ||     1
       Confuse           |       |       |       |       |       |       |       |     3 |       ||     3
Invok: Curse Item        |       |       |     2 |     3 |     2 |     2 |       |     2 |     2 ||    13
       Scrying           |       |       |       |       |    13 |     1 |     1 |       |       ||    15
 Abil: Evoke Flight      |       |       |       |       |       |     2 |     8 |     7 |       ||    17
Evoke: Wand              |       |       |       |     3 |     1 |     2 |       |     1 |     1 ||     8
  Use: Scroll            |       |       |     7 |    12 |     7 |    11 |    10 |    19 |     2 ||    68
       Potion            |       |       |     2 |     3 |     5 |     4 |     7 |     3 |     7 ||    31
 Stab: Sleeping          |     1 |     2 |     3 |     9 |     3 |     2 |       |       |       ||    20
       Distracted        |       |       |     1 |    15 |    15 |    53 |    61 |    40 |    18 ||   203
  Eat: Chunk             |     2 |    14 |    25 |    40 |    29 |    65 |    80 |    60 |     9 ||   324
       Pizza             |       |       |     1 |     2 |     3 |     1 |     2 |     1 |     1 ||    11
       Fruit             |       |       |       |     2 |     8 |     8 |     5 |     5 |       ||    28
       Beef jerky        |       |       |       |     1 |     1 |     2 |     1 |     1 |       ||     6
       Royal jelly       |       |       |       |       |       |     2 |     2 |     2 |       ||     6
       Bread ration      |       |       |       |       |       |       |       |     1 |     6 ||     7
Armor: Leather armour    |    40 |    86 |   103 |    94 |       |       |       |       |       ||   323
       Troll leather arm |       |       |       |   152 |   185 |    43 |       |       |       ||   380
       Fire dragon scale |       |       |       |       |       |   933 |   722 |   515 |   271 ||  2441
Dodge: Dodged            |    66 |   111 |   139 |   709 |   959 |  1677 |  1229 |   764 |   362 ||  6016
Block: Other             |       |    67 |    71 |   245 |   213 |       |       |       |       ||   596
       Reflection        |       |     2 |     4 |    12 |     7 |    52 |   132 |   119 |    27 ||   355
       Buckler           |       |       |       |       |   267 |  1578 |  1254 |   280 |       ||  3379
       Large shield      |       |       |       |       |       |       |       |  1813 |  1082 ||  2895
       Rpst.: Falchion   |    23 |    34 |     2 |     3 |    43 |   345 |   261 |    41 |       ||   752
       Long sword        |       |       |     7 |       |       |       |       |       |       ||     7
       Scimitar          |       |       |       |       |   192 |       |       |       |       ||   192
       Demon blade       |       |       |       |       |       |       |       |    93 |    64 ||   157
